 Dungeon Crawl Stone Soup version 0.26-a0-651-gb41185065b (webtiles) character file.

Game seed: 9372311402597861228

982 Irenicus the Geomancer (level 7, -6/55 HPs)
             Began as a Deep Dwarf Earth Elementalist on Oct 16, 2020.
             Was an Initiate of Makhleb.
             Mangled by an ogre
             ... wielding a +0 giant club
              (11 damage)
             ... on level 6 of the Dungeon.
             The game lasted 00:18:38 (3223 turns).

Irenicus the Geomancer (DDEE)                       Turns: 3223, Time: 00:18:38

Health: -6/55      AC:  8    Str: 12    XL:     7   Next: 96%
Magic:  0/9        EV: 12    Int: 17    God:    Makhleb [......]
Gold:   215        SH:  0    Dex: 13    Spells: 6/9 levels left

rFire    . . .     SeeInvis +   g - +1 falchion (holy)
rCold    . . .     Faith    .   (no shield)
rNeg     . . .     Spirit   .   d - +0 leather armour
rPois    .         Reflect  .   c - +0 helmet
rElec    .         Harm     .   (no cloak)
rCorr    .         Rampage  .   r - +0 pair of gloves
MR       +....                  o - +2 pair of boots
Stlth    +.........             (no amulet)
HPRegen  0.00/turn              h - ring of see invisible {sInv, !d}
MPRegen  0.11/turn              t - ring of attention (curse)

@: non-regenerating
A: damage resistance, heal wounds, sense surroundings 1, no regeneration
a: Heal Wounds, Renounce Religion


You were on level 6 of the Dungeon.
You worshipped Makhleb.
Makhleb was noncommittal.
You visited 2 branches of the dungeon, and saw 7 of its levels.

You collected 425 gold pieces.
You spent 210 gold pieces at shops.

Inventory:

Hand Weapons
 g - a +1 falchion of holy wrath (weapon)
   (You took it off an orc on level 4 of the Dungeon)
 s - a +1 whip of venom
   (You took it off an orc on level 6 of the Dungeon)
Missiles
 b - 58 stones (quivered)
Armour
 c - a +0 helmet (worn)
   (You found it on level 4 of the Dungeon)
 d - a +0 leather armour (worn)
   (You took it off an orc on level 4 of the Dungeon)
 o - a +2 pair of boots (worn)
   (You found it on level 2 of the Dungeon)
 r - a +0 pair of gloves (worn)
   (You found it on level 3 of the Dungeon)
Jewellery
 h - a ring of see invisible (left hand) {sInv, !d}
   (You found it on level 1 of the Dungeon)
 t - a cursed ring of attention (right hand)
   (You found it on level 6 of the Dungeon)
Scrolls
 a - a scroll of fear
 e - 7 scrolls of identify
 f - a scroll of teleportation
 i - a scroll of amnesia {unknown}
 q - a scroll of remove curse
Potions
 j - 2 potions of haste
 k - 3 potions of curing
 l - 2 potions of invisibility {unknown}
 m - a potion of heal wounds
 n - 2 potions of cancellation {unknown}
 p - 3 potions of flight


   Skills:
 - Level 2.1 Dodging
 - Level 2.4 Stealth
 - Level 1.7 Spellcasting
 - Level 0.8 Transmutations
 + Level 12.3 Earth Magic


You had 6 spell levels left.
You knew the following spells:

 Your Spells              Type           Power        Failure   Level
a - Sandblast             Erth           #####.       1%          1
w - Passwall              Tmut/Erth      ###.....     2%          2

Your spell library contained the following spells:

 Spells                   Type           Power        Failure   Level
 Lee's Rapid Deconstruct  Erth           #####.....   4%          5
 Stone Arrow              Conj/Erth      ###...       6%          3
 Petrify                  Tmut/Erth      ###.....     17%         4
 Beastly Appendage        Tmut           #.....       19%         1
 Wereblood                Tmut           #.......     26%         2
 Spider Form              Tmut/Pois      #.........   54%         3
 Confusing Touch          Hex            #.......     58%         3
 Gell's Gravitas          Tloc           #.........   58%         3
 Ice Form                 Ice/Tmut       #.......     91%         4
 Blade Hands              Tmut           #.........   99%         5
 Yara's Violent Unravell  Hex/Tmut       #.........   99%         5
 Metabolic Englaciation   Hex/Ice        #.........   100%        5


Dungeon Overview and Level Annotations

Branches:
Dungeon (6/15)             Temple (1/1) D:6

Altars:
Ashenzari
Cheibriados
Elyvilon
Gozag
Makhleb
Nemelex Xobeh
Okawaru
Sif Muna
Wu Jian
Xom
The Shining One

Shops:
D:6 !


Innate Abilities, Weirdness & Mutations

You are resistant to damage.
You can heal yourself by infusing magical energy.
You passively map a small area around you.
You do not regenerate.


Message History

b - 63 stones The worker ant bites you but does no damage.
You now have 3/9 mp.
Casting: Sandblast (safe; 1% risk of failure)
Confirm with . or Enter, or press ? or * to list all spells.
Aiming: Sandblast (safe; 1% risk of failure)
Press: ? - help, Shift-Dir - straight line, f/p - worker ant
Aim: a worker ant (heavily wounded)
The blast of sand hits the worker ant!
You kill the worker ant!
Makhleb accepts your kill.
b - 62 stones You now have 2/9 mp.
Casting: Sandblast (safe; 1% risk of failure)
Confirm with . or Enter, or press ? or * to list all spells.
You don't know that spell.
Unknown command.
You open the door.
There is an open door here.
t - a tourmaline ring You are no longer poisoned.
Oops, that ring feels deathly cold.
t - a cursed ring of attention (right hand)
There is an open door here.
You open the door.
Found a throwing net.
Found a stone staircase leading down.
There is an open door here.
A giant cockroach comes into view.
Casting: Sandblast (safe; 1% risk of failure)
Confirm with . or Enter, or press ? or * to list all spells.
Aiming: Sandblast (safe; 1% risk of failure)
Press: ? - help, Shift-Dir - straight line, f - giant cockroach
Aim: a giant cockroach The blast of sand hits the giant cockroach!
You kill the giant cockroach!
Makhleb accepts your kill.
b - 61 stones
Casting: Sandblast (safe; 1% risk of failure)
Confirm with . or Enter, or press ? or * to list all spells.
Press: ? - help, Dir - move target cursor A rock wall.
Something is blocking your path through the rock.
You now have 4/9 mp.
Unknown command.
Casting: Passwall (safe; 2% risk of failure)
Confirm with . or Enter, or press ? or * to list all spells.
Press: ? - help, Dir - move target cursor A rock wall.
You begin to meditate on the wall.
You continue meditating on the rock. x2
You finish merging with the rock.
Found a sparkling altar of Nemelex Xobeh.
You now have 2/9 mp.
You open the door.
There is an open door here.
You open the door.
An ooze comes into view.
The ooze quivers.
The ooze moves out of view.
You open the door.
An ogre comes into view. It is wielding a +0 giant club.
The ogre shouts!
The ogre moves out of view.
The ogre hits you but does no damage.
There is an open door here.
Casting: Passwall (safe; 2% risk of failure)
Confirm with . or Enter, or press ? or * to list all spells.
You don't know that spell.
Okay, then.
The ooze hits you but does no damage.
Casting: Passwall (safe; 2% risk of failure)
Confirm with . or Enter, or press ? or * to list all spells.
Aiming: Sandblast (safe; 1% risk of failure)
Press: ? - help, Shift-Dir - straight line, f - ooze
Aim: an ooze The blast of sand hits the ooze!
You kill the ooze!
Makhleb accepts your kill.
b - 60 stones You now have 2/9 mp.
Casting: Sandblast (safe; 1% risk of failure)
Confirm with . or Enter, or press ? or * to list all spells.
Aiming: Sandblast (safe; 1% risk of failure)
Press: ? - help, Shift-Dir - straight line, f - ogre
Aim: an ogre, wielding a +0 giant club The blast of sand hits the ogre!
The ogre is severely wounded.
b - 59 stones The ogre hits you with a +0 giant club!
* * * LOW HITPOINT WARNING * * *
You take 16 damage, and have 5/55 hp.
MASSIVE DAMAGE!!
You now have 1/9 mp.
Casting: Sandblast (safe; 1% risk of failure)
Confirm with . or Enter, or press ? or * to list all spells.
Aiming: Sandblast (safe; 1% risk of failure)
Press: ? - help, Shift-Dir - straight line, f/p - ogre
Aim: an ogre, wielding a +0 giant club (severely wounded)
The blast of sand hits the ogre.
The ogre is almost dead.
b - 58 stones The ogre hits you with a +0 giant club!
You die...

,
....#.....#..†....#
*,
.........###....#
***
*..#.....##.##....#
........#._.#.....
......####.####...*
.....##..#'#..##.
.###.#...'.'...# *
#,##.##O##.##, , *
# #.#@# # *
,...#......#
..#.###.###.# #.*#.
.# , # *## * ##*, *
* * * , , * ****


You could see an ogre.

Vanquished Creatures
  A sky beast (D:6)
  2 centaurs (D:6)
  A centaur skeleton (D:6)
  2 jellies
  3 orc priests
  2 orc wizards
  An iguana (D:4)
  Natasha (thrice) (D:3)
  4 worker ants
  8 gnolls (D:5)
  9 adders
  2 ufetubi
  2 oozes
  2 adder skeletons (D:5)
  An adder zombie (D:5)
  A worm (D:5)
  A dart slug (D:2)
  3 leopard geckos
  21 orcs
  6 bats
  7 giant cockroaches
  2 goblins (D:1)
  9 hobgoblins
  4 jackals
  4 frilled lizards (D:2)
  9 kobolds
  2 rats (D:1)
112 creatures vanquished.

Notes
Turn   | Place    | Note
-------+----------+-------------------------------------------
     0 | D:1      | Irenicus the Deep Dwarf Earth Elementalist began the quest
                  | for the Orb.
     0 | D:1      | Reached XP level 1. HP: 15/15 MP: 3/3
   257 | D:1      | Reached XP level 2. HP: 20/22 MP: 0/4
   360 | D:1      | Reached skill level 5 in Earth Magic
   630 | D:2      | Reached XP level 3. HP: 26/28 MP: 2/5
   643 | D:2      | Learned a level 2 spell: Passwall
   751 | D:2      | Found an iron altar of Okawaru.
  1008 | D:2      | Reached skill level 6 in Earth Magic
  1149 | D:2      | Reached XP level 4. HP: 33/36 MP: 2/6
  1207 | D:3      | Noticed Natasha
  1214 | D:3      | Killed Natasha
  1254 | D:3      | Reached skill level 7 in Earth Magic
  1443 | D:3      | Noticed Natasha
  1448 | D:3      | Killed Natasha
  1448 | D:3      | Reached XP level 5. HP: 39/42 MP: 3/7
  1453 | D:3      | Found a snail-covered altar of Cheibriados.
  1503 | D:3      | Noticed Natasha
  1510 | D:3      | Killed Natasha
  1524 | D:4      | Reached skill level 8 in Earth Magic
  1827 | D:4      | Reached XP level 6. HP: 43/49 MP: 2/8
  1864 | D:4      | Reached skill level 9 in Earth Magic
  2115 | D:5      | Entered Level 5 of the Dungeon
  2369 | D:5      | Reached skill level 10 in Earth Magic
  2690 | D:5      | Reached XP level 7. HP: 36/55 MP: 1/9
  2804 | D:6      | Reached skill level 11 in Earth Magic
  2849 | D:6      | Found a staircase to the Ecumenical Temple.
  2856 | Temple   | Entered the Ecumenical Temple
  2863 | Temple   | Became a worshipper of Makhleb the Destroyer
  2949 | D:6      | Found Kaexy's Distillery.
  2952 | D:6      | Bought a potion of heal wounds for 70 gold pieces
  2952 | D:6      | Bought a potion of haste for 140 gold pieces
  3125 | D:6      | Reached skill level 12 in Earth Magic
  3213 | D:6      | Found a sparkling altar of Nemelex Xobeh.
  3222 | D:6      | HP: 5/55 [ogre/+0 giant club (16)]
  3223 | D:6      | Mangled by an ogre

Illustrated notes

Levels and vault maps discovered:
D:1:      eino_arrival_cavern_d, layout_loops_corners
D:2:      layout_basic, okawaru_ov_weapons_minmay
D:3:      layout_rooms, lemuel_tele_altar, uniq_natasha
D:4:      layout_basic
D:5:      layout_basic
D:6:      layout_gridville, minmay_temple_entry_slanted, serial_shops,
          kennysheep_mini_moat, nemelex_dance_club_becter
Temple:   compressed_dpeg_triangle_lava_temple

Skill      XL: |  1  2  3  4  5  6  7 |
---------------+----------------------+-----
Earth Magic    | 5 6 7 8 10 12 | 12.3
Dodging        | |  2.1
Stealth        | |  2.4
Spellcasting   | |  1.7
Transmutations | |  0.8

Action                   |  1- 3 |  4- 6 |  7- 9 || total
-------------------------+-------+-------+-------++-------
Melee: Whip              |     9 |       |       ||     9
       Unarmed           |       |     2 |       ||     2
       Falchion          |       |    16 |    12 ||    28
 Cast: Sandblast         |    43 |    91 |    30 ||   164
       Passwall          |     9 |     9 |    10 ||    28
  Use: Scroll            |       |    10 |       ||    10
       Potion            |       |     2 |       ||     2
 Stab: Sleeping          |     2 |       |       ||     2
Armor: Robe              |     3 |     4 |       ||     7
       Skin              |       |     9 |       ||     9
       Leather armour    |       |     8 |    11 ||    19
Dodge: Dodged            |    17 |    27 |    14 ||    58
       Rpst.: Falchion   |       |     8 |     6 ||    14

Table legend: (Time is in decaauts)
 A = Elapsed time spent in this place.
 B = Non-inter-level travel time spent in this place.
 C = Inter-level travel time spent in this place.
 D = Time resting spent in this place.
 E = Time spent auto-exploring this place.
 F = Levels seen in this place.
 G = Mean time per level.
                   A        B        C        D        E       F      G
               +--------+--------+--------+--------+--------+-----+--------+
         Total |   3228 |   3205 |     23 |     21 |      0 |   7 |  461.1 |
       Dungeon |   3213 |   3196 |     17 |     21 |      0 |   6 |  535.5 |
        Temple |     14 |      8 |      6 |      0 |      0 |   1 |   14.0 |
               +--------+--------+--------+--------+--------+-----+--------+

Top non-repeatable levels by time:
     D:5: 690 daAuts
     D:1: 606 daAuts
     D:4: 599 daAuts
     D:2: 595 daAuts
     D:6: 409 daAuts
     D:3: 313 daAuts
  Temple: 14 daAuts

Table legend:
 A = Kills in this place as a percentage of kills in entire the game.
 B = Kills by you in this place as a percentage of kills by you in the entire game.
 C = Kills by friends in this place as a percentage of kills by friends in the entire game.
 D = Other kills in this place as a percentage of other kills in the entire game.
 E = Experience gained in this place as a percentage of experience gained in the entire game.
 F = Experience gained in this place divided by the number of levels of this place that you have seen.
                   A       B       C       D       E      F
               +-------+-------+-------+-------+-------+----------------------
         Total | 100.0 | 100.0 |   N/A |   N/A | 100.0 | 200.6
       Dungeon | 100.0 | 100.0 |   N/A |   N/A | 100.0 | 234.0
               +-------+-------+-------+-------+-------+----------------------
